 Dungeon Crawl Stone Soup version 0.31.0-9-g3a7656b989 (webtiles) character file.

Game seed: 18034711011323007709

212 qw the Shooter (level 5, -2/41 HPs)
             Began as a Demigod Hunter on Feb 2, 2024.
             Incinerated by a bombardier beetle (4 damage)
             ... with a burning spray
             ... on level 3 of the Dungeon.
             The game lasted 00:00:10 (2268 turns).

qw the Shooter (Demigod Hunter)                     Turns: 2268, Time: 00:00:10

Health: -2/41      AC:  6    Str: 12    XL:     5   Next: 31%
Magic:  0/7        EV: 17    Int: 11    God:
Gold:   128        SH:  0    Dex: 21    Spells: 4/4 levels left

rFire   . . .        a - +0 shortbow
rCold   + . .        (shield currently unavailable)
rNeg    . . .        d - +1 leather armour {rC+}
rPois   .            g - +0 helmet
rElec   .            (no cloak)
rCorr   .            (no gloves)
SInv    .            n - +0 pair of boots
Will    .....        f - amulet of guardian spirit
Stlth   +            i - +5 ring of evasion
HPRegen 0.26/turn    (no ring)
MPRegen 0.10/turn

%: guardian spirit
@: on fire, glowing
A: high MP 1, forlorn, divine attributes
a: no special abilities


You were on level 3 of the Dungeon.
You visited 1 branch of the dungeon, and saw 4 of its levels.

You collected 128 gold pieces.


Innate Abilities, Weirdness & Mutations

You have an increased reservoir of magic. (+10% MP)
You shall have no god before yourself.
Your divine heritage dramatically boosts your attributes as you level up.


   Skills:
 + Level 2.0 Fighting
 - Level 6.1 Ranged Weapons
 - Level 2.1 Dodging
 - Level 0.8 Stealth


You had 4 spell levels left.
You didn't know any spells.
Your spell library was empty.

Inventory:

Hand Weapons
 a - a +0 shortbow (weapon)
Armour
 d - a +1 leather armour of cold resistance (worn)
 g - a +0 helmet (worn)
 n - a +0 pair of boots (worn)
Jewellery
 f - an amulet of guardian spirit (around neck)
 i - a +5 ring of evasion (left hand)
Potions
 e - 2 potions of haste
 h - a potion of might
 j - a potion of mutation
 l - a potion of degeneration {unknown}

Dungeon Overview and Level Annotations

Branches:
Dungeon (4/15)
 Temple: D:4-7

Annotations:
D:3 1 runed translucent door


Message History

You shoot an arrow. The arrow hits the bombardier beetle.
The bombardier beetle is almost dead.
The bombardier beetle bites you but does no damage.
You shoot an arrow. The arrow hits the bombardier beetle.
The bombardier beetle is almost dead.
The bombardier beetle sprays incendiary fluid at you.
The burning spray hits you.
You are covered in liquid fire!
You shoot an arrow.
The arrow hits the bombardier beetle but does no damage.
The bombardier beetle is almost dead.
The liquid fire burns you!
The bombardier beetle bites you but does no damage.
You shoot an arrow. The arrow hits the bombardier beetle!
You kill the bombardier beetle!
The liquid fire burns you!
Your Ranged Weapons skill increases to level 6!
You are on fire!
The liquid fire burns you!
You are on fire!
The liquid fire burns you!
You are on fire!
The liquid fire burns you!
You are on fire!
The liquid fire burns you!
You are on fire!
The liquid fire burns you!
You are on fire!
The liquid fire burns you!
You are on fire!
The liquid fire burns you!
You are on fire!
The liquid fire burns you!
You are on fire!
The liquid fire burns you!
You are on fire!
The liquid fire burns you!
You are on fire!
The liquid fire burns you!
You die...

##.## #.# #.##.(..##.#
#...###.# #.##.#####.#
#.#.....# ###.##.#####.#
#...###.#######.........##.###
##### #.....)................#
#.######.........#####.#
#.######.........#####.#
#.#......%..........##.#
#.#.#####@..........##.###
#.#.#####.....>...........
#.#.##.......)............
#.#.##.###.......[........
#.#.##.###.##.#.###.##.###
#.#.#.#.........# #.##.###
#....###......### #.......
###.#.#..#...## ####.###
#.##.#.###.# #.#


There were no monsters in sight!

Vanquished Creatures
  A bombardier beetle (D:3)
  A human skeleton (D:3)
  5 adders
  4 gnolls
  A dart slug (D:3)
  A ribbon worm (D:3)
  An orc (D:3)
  5 endoplasms
  3 giant cockroaches
  5 goblins
  10 hobgoblins
  2 jackals (D:2)
  5 kobolds
  4 quokkas
  3 ball pythons
  3 bats
  2 frilled lizards (D:1)
  A goblin zombie (D:3)
  4 rats
61 creatures vanquished.

Notes
Turn   | Place    | Note
-------+----------+-------------------------------------------
     0 | D:1      | qw the Demigod Hunter began the quest for the Orb.
     0 | D:1      | Reached XP level 1. HP: 17/17 MP: 3/3
     0 | D:1      | 0 ||| qw: Version: 0.3-a-155-g5e7d8dd
     0 | D:1      | 0 ||| qw: Game counter: 260
     0 | D:1      | 0 ||| qw: Melee chars always use a shield: true
     0 | D:1      | 0 ||| qw: God list: Okawaru
     0 | D:1      | 0 ||| qw: Allow faded altars: false
     0 | D:1      | 0 ||| qw: Do Orc after clearing Dungeon:15 true
     0 | D:1      | 0 ||| qw: Do second Lair branch before Depths: true
     0 | D:1      | 0 ||| qw: Lair rune preference: random
     0 | D:1      | 0 ||| qw: Goals: Normal
     0 | D:1      | 0 ||| PLANNING D:1-11
   118 | D:1      | Reached skill level 4 in Ranged Weapons
   153 | D:1      | Reached XP level 2. HP: 24/24 MP: 4/4
   411 | D:1      | 411 ||| UPGRADING to +1 leather armour of cold resistance.
   421 | D:1      | 421 ||| DROPPING +0 leather armour.
   422 | D:1      | 422 ||| UPGRADING to +0 helmet.
   427 | D:1      | 427 ||| DROPPING ring of magical power.
   428 | D:1      | 428 ||| READING scroll labelled SIDAEX JUOSO.
   429 | D:1      | 429 ||| DROPPING scroll of butterflies.
   517 | D:2      | Reached XP level 3. HP: 27/27 MP: 5/5
   642 | D:2      | You fall into a shaft and drop 1 floor!
   644 | D:3      | 644 ||| PLANNING SEWER
   773 | D:3      | 773 ||| FLEEEEING.
   774 | D:3      | 774 ||| FLEEEEING.
   775 | D:3      | 775 ||| FLEEEEING.
   779 | D:3      | 779 ||| FLEEEEING.
   781 | D:3      | 781 ||| FLEEEEING.
   782 | D:3      | 782 ||| FLEEEEING.
   784 | D:3      | 784 ||| FLEEEEING.
   785 | D:3      | 785 ||| FLEEEEING.
   787 | D:3      | 787 ||| FLEEEEING.
   788 | D:3      | 788 ||| FLEEEEING.
   790 | D:3      | 790 ||| FLEEEEING.
   791 | D:3      | 791 ||| FLEEEEING.
   833 | D:3      | Reached skill level 5 in Ranged Weapons
   900 | D:3      | Reached XP level 4. HP: 36/36 MP: 6/6
   967 | D:3      | Found a runed translucent door.
   967 | D:3      | Noticed a human
  1105 | D:3      | 1105 ||| UPGRADING to +0 pair of boots.
  1212 | D:3      | HP: 9/36 [hobgoblin (2)]
  1337 | D:3      | 1337 ||| RIP SEWER
  1345 | D:3      | 1345 ||| PLANNING D:1-11
  1357 | D:3      | Reached XP level 5. HP: 36/41 MP: 7/7
  1374 | D:3      | 1374 ||| READING scroll labelled RIEPRE HIULL.
  1447 | D:3      | 1447 ||| READING 2 scrolls labelled FOISAIQEUKH.
  1447 | D:3      | 1447 ||| IDENTIFYING glowing inky potion
  1448 | D:3      | 1448 ||| READING scroll of identify.
  1448 | D:3      | 1448 ||| IDENTIFYING smoky inky potion
  1449 | D:3      | 1449 ||| READING scroll labelled GATEGAC JUXE.
  1550 | D:3      | 1550 ||| READING scroll labelled BOMIOKL YTSEIM.
  1551 | D:3      | 1551 ||| DRINKING 2 sapphire potions.
  1552 | D:3      | 1552 ||| DRINKING 2 grey potions.
  1553 | D:3      | 1553 ||| DROPPING potion of brilliance.
  1554 | D:3      | 1554 ||| DROPPING potion of lignification.
  2118 | D:2      | 2118 ||| UPGRADING to amulet of guardian spirit.
  2123 | D:2      | 2123 ||| UPGRADING to +5 ring of evasion.
  2124 | D:2      | 2124 ||| READING scroll of identify.
  2124 | D:2      | 2124 ||| IDENTIFYING sedimented sapphire potion
  2125 | D:2      | 2125 ||| READING scroll labelled MITSILUSURR.
  2246 | D:4      | 2246 ||| STAIRDANCE
  2258 | D:3      | Reached skill level 6 in Ranged Weapons
  2265 | D:3      | HP: 9/41 [burnt (2)]
  2266 | D:3      | HP: 4/41 [burnt (5)]
  2268 | D:3      | Incinerated by a bombardier beetle

Levels and vault maps discovered:
D:1:      minmay_arrival_shoal_huts, layout_basic
D:2:      layout_basic, basic_altar, hangedman_feature_mirror
D:3:      layout_loops_ring, dk_yredelemnul_ordeal, portal_sewer_entry_d,
          kennysheep_generic_room_8
D:4:      layout_rooms, minmay_temple_entry_nine_rooms, kennysheep_orc_chapel,
          uniq_menkaure

Skill      XL: |  1  2  3  4  5 |
---------------+----------------+-----
Ranged Weapons | 4 5 6 |  6.1
Fighting       | 2 |  2.0
Dodging        | 2 |  2.1
Stealth        | |  0.8

Action                     |  1- 3 |  4- 6 || total
---------------------------+-------+-------++-------
   Fire: Shortbow          |   108 |    99 ||   207
    Use: Scroll            |     1 |     7 ||     8
         Potion            |       |     2 ||     2
 Armour: Leather armour    |    15 |    47 ||    62
  Dodge: Dodged            |    25 |    39 ||    64

Table legend:
 A = Non-vault XP
 B = Vault XP
 C = Vault XP percentage of total XP
 D = Non-vault monster count
 E = Vault monster count
 F = Vault count percentage of total count
                 A         B        C        D         E       F
            +---------+---------+-------+---------+---------+-------
      Total |     231 |      72 |  23.8 |      55 |       6 |   9.8
            +---------+---------+-------+---------+---------+-------
        D:1 |      44 |       0 |   0.0 |      18 |       0 |   0.0
        D:2 |      38 |       4 |   9.5 |      16 |       2 |  11.1
        D:3 |     149 |      68 |  31.3 |      21 |       4 |  16.0
            +---------+---------+-------+---------+---------+-------
